Map: New Gettysburg LE

Players

Machiavelli

  • Race: Terran Terran
  • League: Gold
  • Spawn Location: 5:00

Fropez - Winner!

  • Race: Protoss Protoss
  • League: Gold
  • Spawn Location: 7:00

VOD

Have the link to the VOD?

Description

Time

  • Played on: Sept. 16, 2016, 11:44 a.m.
  • Length: 38:36
Show
View Real Time Build Order
Export as new Build Order

Machiavelli Terran 

Build Orders: Command Center First (CC) 

Get SALT Encoding   

  12  0:02  SCV  
  13  0:14  SCV  
  14  0:20  Supply Depot  
  14  0:26  SCV  
  15  0:41  SCV  
  16  0:53  SCV  
  16  0:54  Refinery  
  17  1:06  SCV  
  18  1:13  Command Center  
  18  1:25  Barracks  
  18  1:34  Supply Depot  
  18  1:37  SCV  
  19  1:45  Barracks  
  19  1:49  SCV  
  20  2:13  Orbital Command  
  20  2:21  Factory  
  20  2:28  Refinery  
  20  2:29  SCV  
  21  2:36  Barracks Tech Lab  
  21  2:37  Marine  
  21  2:42  SCV  
  23  2:55  Marine  
  24  3:05  SCV x2  
  26  3:19  SCV x2  
  28  3:21  Siege Tank  
  31  3:31  SCV x2  
  31  3:33  Engineering Bay  
  33  3:38  Starport  
  33  3:44  Command Center  
  33  3:45  Marine  
  33  3:47  Marine  
  34  4:01  Siege Tank  
  37  4:03  Marine  
  37  4:06  Marine  
  39  4:14  Barracks  
  39  4:18  SCV x2, Medivac  
  39  4:21  Marine  
  44  4:24  Marine  
  44  4:30  SCV, Missile Turret  
  46  4:34  Terran Infantry Weapons Level 1  
  46  4:43  Refinery  
  46  4:52  Supply Depot x2  
  46  4:55  SCV x2  
  46  4:56  Supply Depot  
  47  5:07  SCV  
  47  5:11  Marine x2  
  47  5:13  Medivac  
  50  5:16  Marine  
  50  5:19  Siege Tank, SCV  
  55  5:28  Missile Turret  
  55  5:34  Marine, Refinery  
  55  5:35  Planetary Fortress  
  53  5:52  Marine  
  54  6:15  Barracks Tech Lab  
  53  6:34  Missile Turret  
  53  6:35  Marine x3  
  53  6:52  Marine  
  53  6:53  Marine x2  
  56  7:10  Marine  
  56  7:11  Marine x2  
  59  7:21  Stimpack  
  59  7:22  Starport Tech Lab  
  59  7:24  Orbital Command  
  59  7:28  Marine  
  59  7:29  Marine x2, SCV  
  63  7:39  Factory  
  63  7:41  SCV  
  63  7:43  Barracks  
  64  7:45  Starport  
  64  7:46  Marine  
  64  7:50  Barracks Reactor  
  66  7:53  SCV  
  66  8:00  Siege Tank  
  66  8:05  SCV, Marauder, Bunker  
  72  8:07  Bunker  
  72  8:08  Bunker  
  72  8:12  Orbital Command  
  72  8:17  Barracks Reactor, SCV  
  73  8:21  Command Center  
  73  8:23  SCV  
  74  8:28  Marine x2  
  76  8:36  SCV  
  76  8:45  Siege Tank  
  74  8:53  SCV  
  74  8:57  Marine  
  74  8:58  Marine x2  
  77  9:07  Marine x2  
  77  9:08  SCV  
  80  9:12  Factory Tech Lab  
  80  9:15  Marine x3  
  83  9:17  Siege Tank  
  83  9:20  Barracks Reactor, SCV  
  83  9:22  Barracks  
  83  9:23  Barracks  
  87  9:25  Marine x2, Medivac  
  91  9:32  SCV  
  91  9:33  Marine x3  
  82  9:38  Medivac  
  95  9:43  Marine x2  
  95  9:44  SCV  
  100  9:46  SCV  
  100  9:47  SCV  
  100  9:50  Marine  
  100  9:51  Marine x2  
  105  9:56  SCV  
  105  9:58  SCV, Missile Turret  
  107  10:02  Orbital Command, Missile Turret  
  107  10:13  Supply Depot, Barracks  
  107  10:15  Supply Depot  
  107  10:19  Armory, Missile Turret  
  107  10:28  Missile Turret  
  107  10:32  Missile Turret  
  107  10:33  Missile Turret  
  107  10:34  Missile Turret  
  107  10:35  Medivac, Missile Turret  
  109  10:36  SCV  
  109  10:37  Supply Depot  
  109  10:38  SCV  
  111  10:44  Barracks Reactor  
  111  10:47  Siege Tank  
  111  10:48  SCV  
  111  10:49  Medivac  
  117  10:50  Barracks Reactor, SCV  
  117  10:52  Marine  
  117  10:53  Marine  
  120  10:58  Refinery  
  120  11:00  Refinery  
  120  11:02  SCV  
  120  11:03  SCV  
  122  11:10  Marine x2  
  124  11:12  Supply Depot  
  124  11:13  Supply Depot  
  124  11:16  SCV, Supply Depot  
  125  11:19  Supply Depot  
  125  11:22  Widow Mine  
  125  11:23  Marine  
  125  11:24  Marine  
  125  11:25  Marine  
  129  11:26  Marine  
  129  11:28  SCV  
  129  11:31  Combat Shields  
  132  11:33  Terran Infantry Weapons Level 2  
  132  11:34  Marine x2  
  132  11:36  Terran Vehicle Weapons Level 1  
  134  11:40  SCV  
  134  11:42  Command Center  
  134  11:43  Engineering Bay  
  135  11:50  Widow Mine  
  135  11:52  SCV  
  138  12:07  Marine x5  
  134  12:19  Widow Mine  
  136  12:25  Marine x5  
  141  12:42  Marine  
  141  12:43  Marine x4  
  141  12:44  Orbital Command  
  146  13:04  Command Center  
  146  13:07  Missile Turret x2  
  146  13:08  Missile Turret  
  146  13:09  Missile Turret  
  141  13:34  Medivac  
  138  14:04  Barracks Reactor, Medivac  
  140  14:12  Siege Tank  
  140  14:14  Terran Vehicle Weapons Level 2  
  140  14:17  Terran Infantry Armor Level 1  
  140  14:19  Terran Infantry Weapons Level 3  
  140  14:32  Missile Turret  
  140  14:37  Missile Turret  
  140  14:44  Siege Tank  
  143  14:52  SCV  
  144  15:01  Command Center  
  144  15:03  Bunker  
  144  15:04  SCV, Bunker  
  144  15:05  Bunker  
  144  15:13  Siege Tank  
  140  15:16  SCV  
  139  15:31  Marine  
  139  15:32  Marine x7  
  147  15:38  Marine  
  147  15:39  Marine x4  
  152  15:45  Siege Tank  
  152  15:49  Marine x7  
  156  15:50  Marine  
  156  15:56  Marine  
  156  15:57  Marine x2  
  164  15:58  Cloaking Field  
  164  16:01  Banshee  
  169  16:04  Marine  
  169  16:05  Marine  
  169  16:07  Marine x8  
  179  16:11  Building Armor  
  179  16:21  Missile Turret x2  
  179  16:24  Marine  
  179  16:25  Marine  
  179  16:26  Marine  
  179  16:28  Marine  
  179  16:31  Siege Tank, Terran Vehicle And Ship Armor Level 1  
  179  16:53  Orbital Command  
  179  17:08  Starport Tech Lab  
  179  17:10  Banshee  
  179  17:15  SCV  
  179  17:26  Marine x5, Siege Tank, Terran Infantry Armor Level 2  
  179  17:27  SCV  
  188  17:39  SCV  
  188  17:43  Marine x5  
  194  17:51  SCV  
  195  18:04  Marine x4, SCV  
  200  18:32  Bunker x2  
  200  18:34  Bunker x2  
  200  18:38  Siege Tank  
  198  19:00  Siege Tank  
  159  19:04  Marine x3  
  157  19:10  Siege Tank, Marine  
  152  19:22  Marine x2  
  152  19:24  Marine  
  152  19:25  Marine x4  
  152  19:28  Marine  
  158  19:32  Siege Tank  
  161  19:39  Marine  
  161  19:40  Marine  
  161  19:42  Marine  
  161  19:43  Marine x4  
  168  19:46  Marine  
  168  19:52  Missile Turret  
  165  19:57  Marine  
  165  19:58  Marine  
  167  20:00  Marine  
  167  20:01  Marine x4, Missile Turret  
  167  20:04  Siege Tank, Marine  
  176  20:12  Missile Turret  
  176  20:15  Command Center  
  176  20:22  Missile Turret  
  176  20:24  Bunker  
  176  20:26  Bunker  
  176  20:30  Missile Turret  
  176  20:40  SCV  
  177  20:52  SCV  
  177  20:55  Missile Turret  
  178  20:58  Missile Turret  
  178  20:59  Missile Turret  
  178  21:00  Missile Turret  
  178  21:04  SCV  
  178  21:09  Missile Turret  
  179  21:16  SCV  
  180  21:27  Planetary Fortress  
  180  21:29  SCV  
  181  21:41  Barracks Reactor  
  181  21:51  Factory Tech Lab  
  181  21:52  Banshee  
  184  22:01  Terran Infantry Armor Level 3, Hi-Sec Auto Tracking  
  184  22:03  Terran Vehicle Weapons Level 3  
  172  22:30  Starport  
  172  22:34  Viking  
  172  22:38  Starport  
  172  22:39  Starport x2  
  171  23:04  Viking  
  169  23:06  Viking  
  153  23:20  Viking  
  153  23:34  Viking x2  
  155  23:35  Viking  
  155  23:36  Viking  
  161  23:50  Viking  
  159  24:04  Viking x2  
  159  24:05  Viking  
  159  24:06  Viking  
  167  24:20  Viking  
  163  24:24  Marine x4  
  167  24:34  Viking  
  169  24:40  Terran Vehicle And Ship Armor Level 2  
  156  24:54  Marine  
  156  24:55  Marine x3  
  156  24:57  Viking  
  154  25:07  Starport Reactor  
  154  25:12  Orbital Command  
  149  25:29  Supply Depot  
  149  25:30  Supply Depot  
  149  25:37  Supply Depot  
  146  25:51  SCV  
  146  25:52  Marine x2, Viking  
  147  25:59  Viking x5  
  147  26:03  SCV  
  158  26:10  Marine x2  
  159  26:15  SCV  
  152  26:22  Viking  
  152  26:23  SCV  
  155  26:27  Marine x2, SCV  
  155  26:28  Refinery  
  155  26:32  Refinery  
  158  26:36  SCV  
  158  26:39  SCV  
  160  26:45  Marine x2  
  162  26:48  SCV  
  162  26:51  SCV  
  162  26:54  Starport Reactor  
  160  26:55  Viking  
  160  26:56  Terran Ship Weapons Level 1  
  160  26:57  Refinery x2  
  160  27:00  SCV  
  159  27:03  SCV  
  155  27:12  SCV  
  150  27:25  Widow Mine  
  149  27:45  Viking  
  149  27:47  Starport Reactor  
  143  27:53  Widow Mine  
  143  28:22  Widow Mine  
  116  28:47  Marine x2  
  108  29:04  Marine  
  108  29:05  Marine  
  110  29:15  Viking x5  
  110  29:16  Viking x2  
  124  29:22  Marine  
  124  29:23  Marine  
  123  29:40  Marine  
  123  29:41  Marine  
  123  29:45  Viking x2  
  123  30:15  Viking x3  
  112  31:03  Marine x2  
  101  31:20  Marine  
  101  31:21  Marine  
  103  31:26  SCV, Barracks  
  103  31:28  SCV  
  103  31:29  SCV  
  103  31:30  Barracks  
  103  31:34  Barracks  
  103  31:38  Marine, SCV  
  103  31:39  Marine  
  106  31:40  SCV  
  106  31:41  SCV  
  106  31:43  Widow Mine  
  110  31:50  SCV  
  110  31:52  SCV  
  110  31:53  Orbital Command, SCV  
  113  31:56  Marine  
  113  31:57  Marine  
  113  31:59  Viking  
  113  32:00  Viking x4  
  125  32:02  SCV  
  125  32:04  SCV  
  125  32:05  SCV  
  128  32:11  Widow Mine  
  128  32:14  SCV  
  130  32:16  SCV  
  130  32:17  SCV  
  130  32:21  Barracks  
  132  32:33  Barracks Reactor  
  132  32:35  Engineering Bay  
  131  32:40  Widow Mine  
  131  32:43  Viking x2  
  130  33:07  Marine x3  
  130  33:08  Marine, Widow Mine  
  136  33:24  Marine  
  136  33:25  Marine x3, Command Center  
  134  33:37  Widow Mine  
  134  33:38  Viking x2  
  137  33:42  Marine  
  137  33:43  Marine x3  
  127  34:00  Marine  
  127  34:01  Marine x2  
  130  34:06  Viking x2  
  134  34:18  Marine  
  134  34:23  Marine x2  
  132  34:26  Marine  
  132  34:36  Marine  
  131  34:50  Orbital Command  
  130  35:08  Supply Depot  
  130  35:10  Supply Depot  
  130  35:11  Supply Depot  
  130  35:13  Supply Depot  
  128  35:15  Supply Depot  
  114  35:35  Marine x4  
  114  35:40  Orbital Command  
  98  35:44  Orbital Command  
  97  35:53  Marine x4  
  97  36:10  Marine  
  71  36:43  Marine x4  
  75  37:01  Marine x4  
  65  37:18  Marine  
  65  37:19  Marine x2  
  49  37:43  Viking  
  48  37:50  Marine x3  
  48  37:51  Marine  
  47  38:02  Orbital Command  
  43  38:08  Marine x4  
Show
View Real Time Build Order
Export as new Build Order

Fropez Protoss - Winner!

Build Orders:  

Get SALT Encoding   

  12  0:01  Probe (Chrono Boost)  
  13  0:18  Probe (Chrono Boost)  
  13  0:20  Pylon  
  14  0:29  Probe (Chrono Boost)  
  15  0:39  Probe (Chrono Boost)  
  15  0:40  Gateway  
  16  0:46  Assimilator  
  16  0:50  Probe (Chrono Boost)  
  17  1:00  Probe (Chrono Boost)  
  19  1:11  Probe (Chrono Boost)  
  19  1:13  Assimilator  
  19  1:22  Probe (Chrono Boost)  
  20  1:29  Cybernetics Core  
  20  1:32  Probe (Chrono Boost)  
  21  1:43  Probe (Chrono Boost)  
  22  1:53  Probe (Chrono Boost)  
  23  1:57  Nexus  
  23  2:05  Warp Gate (Chrono Boost)  
  23  2:16  Pylon  
  23  2:28  Pylon  
  23  2:35  Mothership Core  
  25  2:42  Adept  
  27  2:52  Twilight Council  
  27  2:56  Probe  
  28  3:04  Pylon  
  28  3:08  Probe  
  28  3:20  Probe x2  
  28  3:22  Adept  
  32  3:27  Gateway  
  32  3:29  Resonating Glaives (Chrono Boost)  
  32  3:32  Probe  
  33  3:36  Probe  
  34  3:51  Probe  
  35  4:06  Probe  
  35  4:08  Probe  
  35  4:09  Adept, Gateway  
  39  4:11  Gateway  
  39  4:14  Pylon  
  39  4:23  Pylon, Probe  
  40  4:25  Pylon, Probe  
  41  4:35  Probe  
  41  4:37  Probe  
  43  4:48  Probe  
  44  4:59  Probe  
  41  5:08  Robotics Facility  
  41  5:10  Pylon  
  41  5:11  Adept x3  
  41  5:13  Blink (Chrono Boost)  
  47  5:16  Probe  
  47  5:17  Probe  
  47  5:18  Assimilator  
  47  5:20  Assimilator  
  49  5:28  Probe  
  42  5:58  Adept x4  
  42  6:01  Immortal (Chrono Boost)  
  54  6:36  Warp Prism (Chrono Boost)  
  56  7:05  Adept x4  
  56  7:07  Immortal (Chrono Boost)  
  64  7:09  Gateway  
  64  7:13  Pylon  
  62  7:22  Pylon x2  
  60  7:26  Gateway  
  60  7:30  Stalker x3  
  66  7:45  Nexus  
  66  7:49  Assimilator  
  66  7:53  Assimilator  
  66  7:55  Pylon  
  66  7:56  Adept x4  
  76  8:02  Immortal (Chrono Boost)  
  76  8:05  Probe  
  79  8:07  Probe  
  80  8:18  Forge  
  80  8:27  Pylon  
  80  8:31  Adept x5  
  80  8:59  Protoss Ground Weapons Level 1 (Chrono Boost)  
  81  9:10  Probe x3  
  81  9:11  Templar Archives  
  81  9:13  Pylon  
  83  9:22  Probe  
  84  9:31  Adept x4  
  88  9:34  Immortal  
  88  9:37  Probe  
  87  9:45  Probe  
  87  9:47  Probe  
  87  9:49  Probe  
  90  9:54  Pylon  
  90  9:55  Photon Cannon  
  90  9:56  Probe  
  90  9:58  Photon Cannon  
  90  9:59  Pylon, Probe  
  92  10:03  Probe  
  93  10:07  Pylon  
  93  10:08  Adept  
  93  10:09  Adept  
  93  10:12  Adept  
  93  10:14  Psionic Storm  
  99  10:17  High Templar x3  
  105  10:25  Protoss Ground Weapons Level 2 (Chrono Boost)  
  105  10:27  Probe x2  
  106  10:28  Probe  
  106  10:32  High Templar x3  
  106  10:34  Archon  
  114  10:36  Archon x2  
  114  11:04  High Templar x4  
  114  11:05  High Templar x2  
  126  11:19  Nexus  
  126  11:25  Pylon  
  126  11:26  Observer  
  126  11:29  Pylon  
  126  11:30  Pylon  
  127  11:36  Gateway  
  127  11:39  Adept x5  
  137  11:40  Adept  
  137  11:42  Gateway  
  127  12:16  Adept x2  
  127  12:17  Adept x4  
  139  12:37  Stargate  
  139  12:41  Stargate  
  139  12:46  Pylon  
  139  12:52  Adept x3  
  139  12:53  Adept x5  
  139  12:57  Probe  
  139  12:58  Probe x3  
  158  13:10  Probe  
  159  13:32  Adept x2  
  159  13:33  Adept x6  
  149  14:10  Void Ray x2 (Chrono Boost)  
  149  14:16  Assimilator  
  154  14:17  Probe x3  
  154  14:18  Probe  
  154  14:19  Assimilator  
  154  14:20  Pylon  
  154  14:22  Adept x5  
  154  14:23  Adept x3  
  173  14:29  Probe x2  
  173  14:30  Gateway  
  175  14:33  Gateway  
  175  14:48  Stalker x5  
  175  14:49  Void Ray x2 (Chrono Boost)  
  193  15:26  Adept x3  
  199  15:39  Probe  
  200  15:43  Protoss Ground Weapons Level 3  
  169  16:43  Void Ray x2 (Chrono Boost)  
  155  17:17  Stalker  
  155  17:18  Stalker x6  
  155  17:19  Stalker  
  155  17:20  Void Ray x2 (Chrono Boost)  
  179  17:57  Void Ray x2 (Chrono Boost)  
  187  18:06  Protoss Ground Armor Level 1  
  187  18:27  Fleet Beacon  
  187  18:30  Stargate  
  187  18:31  Pylon  
  187  18:35  Void Ray x2 (Chrono Boost)  
  159  19:08  High Templar x6  
  159  19:09  High Templar x4  
  169  19:12  Void Ray (Chrono Boost)  
  169  19:14  Tempest (Chrono Boost)  
  169  19:15  Archon x3  
  169  19:16  Archon x2  
  173  19:19  Tempest (Chrono Boost)  
  145  19:50  Tempest (Chrono Boost)  
  149  20:01  Tempest (Chrono Boost)  
  149  20:05  Nexus  
  149  20:06  Tempest (Chrono Boost)  
  157  20:08  Assimilator  
  157  20:12  Assimilator  
  157  20:15  Pylon  
  157  20:17  Pylon  
  157  20:32  Tempest (Chrono Boost)  
  161  20:38  Nexus  
  161  20:40  Assimilator  
  161  20:41  Pylon  
  161  20:45  Assimilator  
  161  20:48  Pylon  
  161  20:55  Protoss Ground Armor Level 2  
  161  20:58  Tempest (Chrono Boost)  
  161  21:02  Tempest (Chrono Boost)  
  169  21:05  Charge (Chrono Boost)  
  169  21:17  Warp Prism  
  171  22:02  Observer  
  166  22:24  Observer  
  166  22:26  Photon Cannon  
  167  22:30  Photon Cannon  
  167  22:39  Photon Cannon  
  167  22:41  Photon Cannon  
  167  22:43  Tempest x3 (Chrono Boost)  
  179  22:45  Observer  
  180  22:56  Photon Cannon  
  180  22:57  Protoss Shields Level 1  
  179  22:59  Photon Cannon  
  179  23:01  Photon Cannon  
  179  23:02  Stalker x4  
  179  23:03  Stalker x6  
  199  23:14  Photon Cannon  
  198  23:28  Adept  
  198  23:32  Photon Cannon  
  200  23:37  Protoss Air Weapons Level 1 (Chrono Boost)  
  200  23:40  Photon Cannon  
  199  23:42  Photon Cannon  
  199  23:54  Photon Cannon  
  199  24:02  Photon Cannon  
  199  24:04  Photon Cannon  
  191  25:18  Protoss Air Armor Level 1 (Chrono Boost)  
  191  25:26  Tempest x2  
  191  26:00  Photon Cannon  
  191  26:01  Photon Cannon  
  191  26:21  Pylon  
  191  26:22  Pylon  
  191  26:44  Tempest x2  
  189  28:02  Zealot x2  
  189  28:03  Zealot x3  
  199  28:13  Protoss Shields Level 2  
  191  28:31  Protoss Air Weapons Level 2 (Chrono Boost)  
  191  28:33  Observer  
  188  28:43  Zealot x6  
  200  29:04  Zealot  
  190  29:50  Zealot x3  
  190  29:51  Zealot x2  
  200  30:08  Protoss Ground Armor Level 3  
  182  30:29  Protoss Air Armor Level 2 (Chrono Boost)  
  182  30:32  Zealot x4  
  182  30:33  Zealot x5  
  188  31:09  Zealot x5  
  188  31:10  Zealot x3  
  200  31:15  Observer  
  161  31:37  Observer  
  161  31:38  Nexus  
  160  31:41  Assimilator  
  160  31:45  Assimilator  
  160  31:48  Pylon  
  160  31:50  Pylon, Gateway, Zealot  
  160  31:51  Zealot x5  
  160  31:52  Gateway, Zealot x4  
  160  31:54  Gateway  
  180  31:55  Gateway  
  180  31:58  Observer, Gateway  
  180  32:00  Gateway  
  181  32:12  Zealot x4  
  181  32:13  Zealot x5  
  199  32:20  Observer  
  200  32:25  Protoss Shields Level 3  
  200  32:28  Protoss Air Weapons Level 3 (Chrono Boost)  
  198  32:41  Observer  
  193  33:08  High Templar x3  
  193  33:09  High Templar  
  199  33:54  Stalker x2  
  199  33:55  Stalker x2  
  197  35:27  Zealot  
  187  36:02  High Templar x2  
  187  36:03  High Templar x4  
  199  36:12  Gateway  
  165  37:12  Assimilator  
  165  37:17  Assimilator  
  165  37:19  Adept x4  
  165  37:20  Adept x6  
  165  37:21  Adept x6  
  197  37:27  Assimilator  
  197  37:31  Assimilator  
  191  37:41  Assimilator  
  183  37:45  Assimilator  
  171  38:11  Zealot x6  
  171  38:12  Zealot x4  
  191  38:13  Zealot x4  
  198  38:33  Zealot x2  
  198  38:34  Zealot x4  
Tags
 
Add a new tag
Caveats
  • Supply blocks, unpowered buildings, or Contaminate may cause inaccurate times.
  • Supply counts are checked every 10 seconds.